Cogmind - Beta 15 @@@ ROGUE MODE // 2025.05.21 @ 18:50:59 Player: gorb Result: Destroyed by Y-45 Defender with Heavy Assault Rifle Performance ------------- Evolutions (0) 0 Regions Visited (2) 400 Robots Destroyed (4) 20 Value Destroyed (149) 149 Prototype IDs (0) 0 Alien Tech Used (0) 0 Bonus (0) 0 TOTAL SCORE: 569 Bonus ------- None Cogmind --------- Core Integrity 0/250 Matter 300/300 Energy 246/250 System Corruption 0% Temperature Cool (2) Movement Walking (120) Location -10/Mines Parts ------- > --- POWER (1) -------- Ion Engine > --- PROPULSION (2) --- Aluminum Leg Aluminum Leg > --- UTILITY (2) ------ Small Storage Unit ECM Suite > --- WEAPON (2) ------- Medium Laser Small Laser > --- INVENTORY (8) ---- Aluminum Leg Aluminum Leg Peak State ------------ > --- POWER ------------ Ion Engine > --- PROPULSION ------- Aluminum Leg Aluminum Leg > --- UTILITY ---------- Small Storage Unit Signal Interpreter > --- WEAPON ----------- Medium Laser Small Laser > --- INVENTORY -------- Aluminum Leg Aluminum Leg [Rating: 7] Favorites ----------- Power Light Ion Engine Engine Light Ion Engine Propulsion Compact Wheel Leg Aluminum Leg Wheel Compact Wheel Utility Small Storage Unit Device ECM Suite Storage Small Storage Unit Processor Signal Interpreter Weapon Light Assault Rifle Energy Gun Medium Laser Ballistic Gun Light Assault Rifle Build | -11 -10 -10 ------- Run | Yrd Mat Min Slots Evolved . | . . . Power . | . . . Propulsion . | . . . Utility . | . . . Weapon . | . . . Parts Attached 12 | 5 6 1 Power 2 | 1 1 . Engine 2 | 1 1 . Core . | . . . Reactor . | . . . Propulsion 4 | 2 2 . Treads . | . . . Leg 2 | . 2 . Wheel 2 | 2 . . Hover . | . . . Flight . | . . . Utility 3 | 1 1 1 Device 1 | . . 1 Storage 1 | 1 . . Processor 1 | . 1 . Hackware . | . . . Protection . | . . . Artifact . | . . . Weapon 3 | 1 2 . Energy Gun 2 | . 2 . Energy Cannon . | . . . Ballistic Gun 1 | 1 . . Ballistic Cannon . | . . . Launcher . | . . . Special Weapon . | . . . Impact Weapon . | . . . Slashing Weapon . | . . . Piercing Weapon . | . . . Special Melee Weapon . | . . . Unidentified Prototypes . | . . . Parts Lost 4 | . 4 . Power 1 | . 1 . Propulsion 2 | . 2 . Utility . | . . . Weapon 1 | . 1 . Highest Loss Streak 4 | . 4 . To Critical Strikes . | . . . Average Backups 4 | 2 4 2 Power . | 1 . . Propulsion 1 | 1 2 2 Utility . | . . . Weapon 1 | . 1 . Tool/Special . | . . . Unused Backups 2 | . . 2 Power . | . . . Propulsion 2 | . . 2 Utility . | . . . Weapon . | . . . Tool/Special . | . . . Average Slot Usage (%) 79 | . 77 100 Engine 12 | . 12 14 Leg 6 | . 4 28 Wheel 19 | . 22 . Storage 14 | . 14 14 Processor 5 | . 5 7 Energy Gun 8 | . 6 28 Ballistic Gun 9 | . 10 . Peak Build Rating 7 | 5 7 7 Average Rating 5 | 3 5 7 On Entrance 4 | . 5 7 Naked Turns . | . . . Heaviest Build 15 | 9 13 15 Greatest Support 32 | 32 32 20 Greatest Overweight (x) 2 | . 2 . Average Overweight (x) . | . . . Largest Inventory Capacity 8 | 8 8 8 Average Capacity 7 | 6 8 8 Most Carried 6 | 5 6 3 Average Carried 4 | 3 4 2 Final Capacity 8 | 8 8 8 Final Carried 5 | 5 2 2 Class Distribution -------------------- 100% | Mutant Dominant Class ---------------- Mutant | -10/Materials Mutant | -10/Mines Resources | -11 -10 -10 ----------- Run | Yrd Mat Min Matter Collected 311 | 250 51 10 Remotely . | . . . Salvage Created 169 | . 169 . Parts 8 | . 8 . Haulers Intercepted . | . . . Recyclers Shooed . | . . . Parts Field Recycled . | . . . Retrieved Matter . | . . . Parts Self-Destructed . | . . . Prevented . | . . . Kills | -11 -10 -10 ------- Run | Yrd Mat Min Combat Hostiles Destroyed 4 | . 4 . Guns 3 | . 3 . Classes Destroyed 1 | . 1 . Grunt 4 | . 4 . Best Kill Streak 4 | . 4 . Combat Bots Only 4 | . 4 . Max Kills in Single Turn 1 | . 1 . Gunslinging . | . . . Exploded . | . . . Melee . | . . . Uniques/NPCs Destroyed . | . . . Combat | -11 -10 -10 -------- Run | Yrd Mat Min Hostile Shots Fired 71 | . 69 2 Missed 17 | . 16 1 Hits 54 | . 53 1 Projectile 54 | . 53 1 Critical Strikes 1 | . 1 . Damage Taken 666 | . 651 15 Core 257 | . 242 15 Absorbed by Shields . | . . . Core Remaining (%) 100 | 100 . . Volleys Fired 19 | . 19 . Largest 2 | . 2 . Hottest 90 | . 90 . Shots Fired 27 | . 27 . Gun 27 | . 27 . Cannon . | . . . Launcher . | . . . Special . | . . . Kinetic 11 | . 11 . Thermal 16 | . 16 . Explosive . | . . . Electromagnetic . | . . . Robot Hit Streak 6 | . 6 . Robot Miss Streak 2 | . 2 . Penetration Max . | . . . Secondary Targets 2 | . 2 . Max Gunslinging Chain 1 | . 1 . Shots Hit Robots 17 | . 17 . Core Hits 7 | . 7 . Critical Kills . | . . . Critical Parts Destroyed . | . . . Critical Strikes 1 | . 1 . Burn 1 | . 1 . Melee Attacks . | . . . Impact . | . . . Slashing . | . . . Piercing . | . . . Sneak Attacks . | . . . Combat Hostiles . | . . . Follow-up Attacks . | . . . Damage Inflicted 200 | . 200 . Guns 200 | . 200 . Cannons . | . . . Explosions . | . . . Melee . | . . . Ramming . | . . . Kinetic 34 | . 34 . Thermal 166 | . 166 . Explosive . | . . . Electromagnetic . | . . . Impact . | . . . Slashing . | . . . Piercing . | . . . Highest Corruption . | . . . Average Corruption . | . . . Corruption Purged . | . . . Corruption Blocked . | . . . Overload Shots . | . . . Overflow Damage . | . . . Projectiles . | . . . Explosions . | . . . Melee . | . . . Knockbacks . | . . . Impact . | . . . Kinetic . | . . . Secondary . | . . . Self-Inflicted Damage . | . . . Shots . | . . . Rammed . | . . . Targets Rammed . | . . . Kicked . | . . . Crushed . | . . . Highest Temperature 279 | . 279 . Average Temperature 131 | . 131 . Received Heat Transfer 375 | . 375 . Effects 1 | . 1 . Energy Bleed 1 | . 1 . Siege Activations . | . . . Martial Activations . | . . . Shielding Activations . | . . . Robots Disrupted . | . . . Combat Hostiles . | . . . Robots Corrupted . | . . . Combat Hostiles . | . . . Parts Fried . | . . . Impact Corruptions . | . . . Robots Melted 1 | . 1 . Combat Hostiles 1 | . 1 . Parts Melted 2 | . 2 . Heat Transferred 520 | . 520 . Parts Sabotaged . | . . . Parts Stolen . | . . . Parts Stripped . | . . . Power Chain Reactions . | . . . Alert | -11 -10 -10 ------- Run | Yrd Mat Min Maximum Alert Level . | . . . Low Security (%) 100 | 100 100 100 Level 1 . | . . . Level 2 . | . . . Level 3 . | . . . Level 4 . | . . . Level 5 . | . . . High Security . | . . . Max Security . | . . . Peak Influence 82 | . 82 17 Initial 17 | . . 17 Average 11 | . 12 8 Influence Increases 109 | . 109 . Destroy 0b10 Robot/C 80 | . 80 . Destroy Leader 20 | . 20 . Successful Hack 9 | . 9 . Influence Decreases 109 | . 63 46 Entered New Map 29 | . . 29 Time Decay 70 | . 53 17 Lost Part 10 | . 10 . Squads Dispatched 1 | . 1 . Investigation . | . . . Extermination . | . . . Reinforcement 1 | . 1 . Assault . | . . . Garrison . | . . . Intercept . | . . . Searches Triggered . | . . . Construction Impeded . | . . . Haulers Reinforced . | . . . Active Scanning Responses . | . . . Cargo Convoy Interrupts . | . . . Stealth | -11 -10 -10 --------- Run | Yrd Mat Min Distress Signals . | . . . Communications Jammed . | . . . Distress Signals . | . . . Times Spotted 9 | . 7 2 Peak Tracking Total 4 | . 4 . Tactical Retreats . | . . . Traps | -11 -10 -10 ------- Run | Yrd Mat Min Traps Triggered . | . . . Indirectly . | . . . Trap Hack Attempts . | . . . Triggered . | . . . Disarmed . | . . . Reprogrammed . | . . . Reused . | . . . Traps Extracted . | . . . Installed . | . . . Triggered . | . . . Machines | -11 -10 -10 ---------- Run | Yrd Mat Min Machines Disabled . | . . . Max in Single Turn . | . . . Machines Repaired . | . . . Machines Dismantled . | . . . Machines Sabotaged . | . . . Overloaded Fab Kills . | . . . Hacking | -11 -10 -10 --------- Run | Yrd Mat Min Machines Accessed 5 | . 5 . Terminals 4 | . 4 . Fabricators . | . . . Repair Stations . | . . . Recycling Units 1 | . 1 . Scanalyzers . | . . . Garrison Access . | . . . Total Hacks 12 | . 12 . Successful 9 | . 9 . Failed 3 | . 3 . Catastrophic . | . . . Database Lockouts . | . . . Manual 10 | . 10 . Terminals 9 | . 9 . Fabricators . | . . . Repair Stations . | . . . Recycling Units 3 | . 3 . Scanalyzers . | . . . Garrison Access . | . . . Terminal Hacks 1 | . 1 . Branch Access Points 1 | . 1 . Fabricator Hacks . | . . . Repair Station Hacks . | . . . Recycling Unit Hacks 2 | . 2 . Report Inventory 1 | . 1 . Retrieve Components 1 | . 1 . Scanalyzer . | . . . Garrison Access Hacks . | . . . Unauthorized Hacks 6 | . 6 . Terminals 5 | . 5 . Assimilate 1 | . 1 . Botnet 4 | . 4 . Fabricators . | . . . Repair Stations . | . . . Recycling Units 1 | . 1 . Reject 1 | . 1 . Scanalyzers . | . . . Garrison Access . | . . . Data Cores Recovered . | . . . Used . | . . . Hacking Detections 3 | . 3 . Full Trace Events . | . . . Feedback Events . | . . . Feedback Blocked . | . . . Robot Schematics Acquired . | . . . Robots Built . | . . . Authchips . | . . . Time . | . . . Total Robot Build Rating . | . . . Part Schematics Acquired . | . . . Parts Built . | . . . Authchips . | . . . Time . | . . . Total Part Build Rating . | . . . Parts Repaired . | . . . Time . | . . . Parts Recycled . | . . . Recycled Matter . | . . . Retrieved Matter . | . . . Retrieved Components 2 | . 2 . Parts Scanalyzed . | . . . Part Schematics Acquired . | . . . Parts Damaged . | . . . Bothacking | -11 -10 -10 ------------ Run | Yrd Mat Min Used RIF Installer . | . . . Robots Hacked . | . . . Non-combat . | . . . Combat . | . . . Robot Hacks Applied . | . . . Relay Couplers Released . | . . . Fabnet Peak Effective % . | . . . Robots Rewired . | . . . Allies Hacked . | . . . Hacks Repelled . | . . . Allies | -11 -10 -10 -------- Run | Yrd Mat Min Total Allies . | . . . Largest Group . | . . . Highest-Rated Group . | . . . Highest-Rated Ally . | . . . Total Orders . | . . . Ally Attacks . | . . . Total Damage . | . . . Kills . | . . . Allies Corrupted . | . . . Allies Melted . | . . . Intel | -11 -10 -10 ------- Run | Yrd Mat Min Active Infowar (turns) 27 | . . 27 ECM 27 | . . 27 Robot Analysis Total . | . . . Derelict Logs Recovered . | . . . Drone Launches . | . . . Drone Recoveries . | . . . Exploration | -11 -10 -10 ------------- Run | Yrd Mat Min Turns Passed 615 | 55 508 52 Spaces Moved 309 | 44 223 42 Core 14 | 7 7 . Treads . | . . . Legs 107 | . 65 42 Wheels 188 | 37 151 . Hover . | . . . Flight . | . . . Fastest Speed 50 | 50 100 120 Average Speed 106 | 92 107 120 Slowest Speed 150 | 100 150 120 Overloaded Moves . | . . . Propulsion Burnouts . | . . . Robots Hopped . | . . . Potential Cave-ins . | . . . Cave-ins Triggered . | . . . Exploration Rate (%) 18 | 3 36 16 Regions Visited 2 Branch Regions 1 Pre-discovered Areas . | . . . Known Exits Taken 1 | . 1 . Unknown Exits Taken 1 | 1 . . Scrap Searched 1 | . . 1 Spaces Dug . | . . . Terrain Destroyed . | . . . Melee . | . . . Projectile . | . . . AOE . | . . . Terrain Rammed . | . . . Walls Destroyed . | . . . Machines Disabled . | . . . Actions | -11 -10 -10 --------- Run | Yrd Mat Min Total 568 | 58 466 44 Wait 216 | . 216 . Move 307 | 43 222 42 Hop . | . . . Pick Up 14 | 10 3 1 Fast Attach . | . . . Attach 11 | 5 6 . Detach . | . . . Swap 1 | . . 1 Drop . | . . . Fire 19 | . 19 . Melee . | . . . Ram . | . . . Kick . | . . . Crush . | . . . Escape Stasis . | . . . Rewire . | . . . Trap . | . . . Miscellaneous . | . . . Route ------- -11/Scrapyard -10/Materials -10/Mines History --------- Turn | Location | Event 15 | -11/Scrapyard | Discovered new exit (range 15) 56 | -11/Scrapyard | Entered Materials 304 | -10/Materials | Build established: Mutant 449 | -10/Materials | Core integrity fell below 50% 463 | -10/Materials | Core integrity fell below 20% 491 | -10/Materials | Lost 4 parts (1p2n1w) 531 | -10/Materials | Identified exit to Mines 564 | -10/Materials | Entered Mines 616 | -10/Mines | Destroyed by Y-45 Defender with Heavy Assault Rifle Last Messages --------------- Trojan loaded successfully. Testing... Terminal linked with 3 systems. Awaiting botnet instructions. >>Access(Branch) Found 1 branch access point: (36,37) Mines Map updated. K-01 Serf cleans the Pressure Siphon. LOCATION=MINES GOAL=ESCAPE Searching scrap... Found ECM Suite. Found Med. Laser. Found Sml. Matter Pod. Found Structural Scanner. Found 45 Matter. Acquired ECM Suite. Discarded Signal Interpreter. Acquired 10 matter. Map ----- +----------------------------------------------------+ | ???????????????????????????????????? #??????????? | | ????????????????????????????????????$ ??????????? | | ???????????????????????????????????? ??????????? | | ???????????????????????????????????? ??????????? | | ????????????????????????????????????# ??????????? | | ????????????????????????????????????# #??????????# | | ????????????????????????????????????# #?????????# | | ????????????????????????????????????# #????????# | | ????????????????????????????????????# #???????# | | ???????????????????????????????# #### #####?## # | | ???????????????????????????????# ### #? | | ???????????????????????????????###### ### ## #? | | ???????????????????????????????????## ## #? | | ?????????????????????????????????### ##### ##? | | ????????????????????????????????## #???####?? | | ????????????????????????????????# #????????? | | ????????????????????????????????# ##????????? | | ????????????????????????????????# ####?????????? | | ????????????????????????????????# ##????????????? | | ????????????????????????????????# !########## ? | | ????????????????????????????###?#%! ? | | ????????????????????###?#### ### [ ? | | ???????????????????##!|## ## ########### ? | | ???????????????????#"[/ # ## #??????????????? | | ???????????????????#Y / ## #??????????????? | | ???????????????????#Y /@ #?# #??????????????? | | ???????????????????#"!! # ##?# #??????????????? | | ???????????????????##!??# ##??# #??????????????? | | ????????????????????????# ##??# #??????????????? | | ????????????????????????# #### #??????????????? | | ????????????????????????# #??????????????? | | ????????????????????????## ##??????????????? | | ?????????????????????????## ###???????????????? | | ??????????????????????????## ##?????????????????? | | ???????????????????????????####??????????????????? | | ?????????????????????????????????????????????????? | | ?????????????????????????????????????????????????? | | ?????????????????????????????????????????????????? | | ?????????????????????????????????????????????????? | | ?????????????????????????????????????????????????? | | ?????????????????????????????????????????????????? | | | | | | | | | | | | | | | | | | | +----------------------------------------------------+ Best States ------------- Heat Dissipation 25 Energy Generation 10 Energy Capacity 250 Matter Stores 300 Matter Capacity 300 Sight Range 16 Terrain Scan Density 10 ECM Strength 1 Evasion (%) 55 Item Schematics ----------------- None Robot Schematics ------------------ None Fabricated ------------ Nothing Repaired ---------- Nothing Alien Tech Used ----------------- None Achievements -------------- None Challenges ------------ None Game ------ Seed NodeMetaSuperbattery Manual? 1 Play Time 00:05:26 Cumulative 36.8 hours Start 2025.05.21 @ 18:45:47 End 2025.05.21 @ 18:50:59 Sessions 1 Manual Loads 0 Difficulty Rogue Special Mode None Game No. 59 Rogue 57 Adventurer 0 Explorer 2 Win Type - Total 0 Types 0/0/0/0/0/0/0/0/0/0 Lore% 23 Gallery% 25 Achievement% 28 Wizard Run 0 Options --------- Layout 1 ASCII 0 Keyboard 0 Movement Mouse Keybinds 0 Fullscreen 1 Font 24/Smallcaps Map View 50x35 Zoom Use 0% Tactical HUD 0 Map Filters NONE Filters NONE Steam 1 RUN: 97bd1440-d1de-4845-94d2-750fd17e2b5c